 Dungeon Crawl Stone Soup version 0.22-b1-26-g9dbaab1 (webtiles) character file.

282 Doobh the Sneak (level 6, -11/38 HPs)
             Began as a Kobold Assassin on Aug 8, 2018.
             Killed from afar by an orc wizard (13 damage)
             ... with a puff of frost
             ... on level 3 of the Dungeon.
             The game lasted 00:12:38 (3671 turns).

Doobh the Sneak (Kobold Assassin)                   Turns: 3671, Time: 00:12:40

Health: -11/38     AC:  5    Str:  8    XL:     6   Next: 53%
Magic:  6/6        EV: 17    Int: 12    God:
Gold:   112        SH:  0    Dex: 19    Spells: 5/5 levels left

rFire    + . .     SeeInvis .   a - +3 dagger
rCold    x . .     Gourm    .   (shield restricted)
rNeg     . . .     Faith    .   c - +0 robe
rPois    .         Spirit   .   (no helmet)
rElec    .         Reflect  .   d - +0 cloak
rCorr    .         Harm     .   f - +0 pair of gloves
MR       .....                  m - +0 pair of boots
Stlth    ++++......             (no amulet)
HPRegen  0.12/turn              s - ring of fire
MPRegen  0.10/turn              (no ring)

@: no status effects
A: small, carnivore
a: no special abilities


You were on level 3 of the Dungeon.
You were completely stuffed.

You visited 1 branch of the dungeon, and saw 4 of its levels.

You collected 112 gold pieces.

Inventory:

Hand Weapons
 a - a +3 dagger (weapon)
 b - a +0 blowgun
Missiles
 e - 42 poisoned needles
Armour
 c - a +0 robe (worn)
 d - a +0 cloak (worn)
 f - a +0 pair of gloves (worn)
 m - a +0 pair of boots (worn)
Jewellery
 s - a ring of fire (left hand)
Wands
 o - a wand of acid (2)
 p - a wand of disintegration (4)
Potions
 h - a potion of curing
 k - a potion of haste {unknown}
 r - a potion of agility {unknown}
Comestibles
 g - 8 rations


   Skills:
 * Level 4.1 Fighting
 + Level 3.8 Short Blades
 + Level 3.2 Throwing
 * Level 4.2 Dodging
 + Level 6.2 Stealth


You had 5 spell levels left.
You didn't know any spells.
Your spell library was empty.

Dungeon Overview and Level Annotations

Branches:
Dungeon (4/15)
 Temple: D:4-7

Altars:
Hepliaklqana
Kikubaaqudgha
Ru
Sif Muna
Zin

Shops:
D:3 *

Annotations:
D:2 Sigmund
D:4 Pikel


Innate Abilities, Weirdness & Mutations

You are small and have problems with some larger weapons.
You are carnivorous and can eat meat at any time.


Message History

The orc wizard is heavily wounded.
The orc hits you but does no damage. The slave hits you!
You hit the orc wizard.
The orc wizard is almost dead.
The orc wizard misses you. The orc barely misses you.
The slave closely misses you.
You barely miss the orc wizard.
The orc wizard is almost dead.
The orc wizard hits you with a dagger. The orc closely misses you.
The slave hits you.
You barely miss the orc wizard.
The orc wizard is almost dead.
The orc wizard misses you. The orc hits you with a short sword.
You hit the orc wizard but do no damage.
The orc wizard is almost dead.
The slave hits you!
* * * LOW HITPOINT WARNING * * *
The orc wizard casts a spell at you. The puff of frost hits you!
You feel a terrible chill!
You die...

....(.........[....<.#...#.### ##
...........######.(#.#.......#*##
............# ##............##8.
#...........####....(........##..
#...)........##..............#_..
#.................(..........#*,,
#.....................#.#...##*8,
#...........##.p.o...#..#....##..
...........###..@).....##..#.#_..
....>.###.###..o.)....###....##..
.......##...............##...##8.
.......#####.#...............#*##
.......# #.##.....#........####
.......#####)##....##..#.........
.........).......................
...................)....##.......
.....######......................


You could see a slave, an orc wizard and an orc.

Vanquished Creatures
  A phantom (D:4)
  2 orc priests (D:3)
  Robin (D:3)
  2 adders
  4 shadow imps (D:3)
  A worm (D:2)
  A leopard gecko (D:2)
  9 orcs (D:3)
  A ball python (D:3)
  10 bats
  6 giant cockroaches
  6 hobgoblins
  A ball python skeleton (D:3)
  A frilled lizard (D:1)
  14 goblins
  2 kobolds
  3 rats
65 creatures vanquished.

Notes
Turn   | Place    | Note
-------+----------+-------------------------------------------
     0 | D:1      | Doobh the Kobold Assassin began the quest for the Orb.
     0 | D:1      | Reached XP level 1. HP: 12/12 MP: 1/1
   595 | D:2      | Reached XP level 2. HP: 18/18 MP: 2/2
  1102 | D:2      | Reached XP level 3. HP: 2/22 MP: 3/3
  1741 | D:2      | Noticed Sigmund
  2424 | D:3      | Found a faded altar of an unknown god.
  2456 | D:3      | Found a deep blue altar of Sif Muna.
  2545 | D:3      | Found a hazy altar of Hepliaklqana.
  2553 | D:3      | Noticed Robin
  2565 | D:3      | Reached XP level 4. HP: 28/28 MP: 4/4
  2799 | D:3      | Found Zin's Purification Station.
  2803 | D:3      | Found a glowing silver altar of Zin.
  2837 | D:3      | Killed Robin
  2899 | D:3      | Found a transporter.
  2903 | D:3      | Found a transporter.
  2946 | D:3      | Reached XP level 5. HP: 32/32 MP: 5/5
  3033 | D:3      | Reached skill level 6 in Stealth
  3111 | D:3      | Found a sacrificial altar of Ru.
  3229 | D:3      | Found an ancient bone altar of Kikubaaqudgha.
  3251 | D:4      | Noticed a phantom
  3258 | D:4      | Killed a phantom
  3258 | D:4      | Reached XP level 6. HP: 33/38 MP: 6/6
  3266 | D:4      | Noticed a slave
  3278 | D:4      | Noticed Pikel
  3279 | D:4      | Noticed a slave
  3656 | D:4      | Noticed a slave
  3671 | D:3      | Killed from afar by an orc wizard

Skill      XL: |  1  2  3  4  5 |
---------------+----------------+-----
Dodging        | 2 3 4 |  4.2
Short Blades   | 3 |  3.8
Fighting       | 3 4 |  4.1
Stealth        | 6 |  6.2
Throwing       | 3 |  3.2

Action                   |  1- 3 |  4- 6 || total
-------------------------+-------+-------++-------
Melee: Dagger            |    98 |    95 ||   193
 Fire: Blowgun           |    27 |    31 ||    58
Evoke: Wand              |       |     8 ||     8
  Use: Scroll            |       |     5 ||     5
 Stab: Sleeping          |     8 |     2 ||    10
  Eat: Chunk             |    13 |     4 ||    17
Armor: Robe              |    28 |    15 ||    43
Dodge: Dodged            |   111 |    79 ||   190
